 Dungeon Crawl Stone Soup version 0.21-a0-110-g8e1637b (webtiles) character file.

786 shitimlost the Vandal (level 8, -2/62 HPs)
             Began as a Formicid Hunter on July 9, 2017.
             Killed from afar by Dowan (10 damage)
             ... with a shard of ice
             ... on level 4 of the Dungeon.
             The game lasted 00:11:40 (5556 turns).

shitimlost the Vandal (Formicid Hunter)             Turns: 5556, Time: 00:11:40

Health: -2/62      AC:  8    Str: 18    XL:     8   Next: 11%
Magic:  8/8        EV: 12    Int: 11    God:
Gold:   144        SH:  0    Dex: 12    Spells: 7/7 levels left

rFire    . . .     SeeInvis +   a - +2 hunting sling
rCold    . . .     Gourm    +   (no shield)
rNeg     . . .     Faith    .   i - +1 ring mail
rPois    .         Spirit   .   (helmet unavailable)
rElec    .         Reflect  .   (no cloak)
rCorr    .         Harm     .   l - +0 pair of gloves
MR       .....                  t - +0 pair of boots
Stlth    ++........             r - amulet of the gourmand
HPRegen  0.20/turn              (no ring)
MPRegen  0.11/turn              (no ring)

@: no status effects
A: permanent stasis, dig shafts and tunnels, four strong arms, antennae 3
a: Dig, Shaft Self


You were on level 4 of the Dungeon.
You were not hungry.

You visited 1 branch of the dungeon, and saw 4 of its levels.

You collected 144 gold pieces.

Inventory:

Hand Weapons
 a - a +2 hunting sling (weapon)
 b - a +0 short sword
Armour
 c - a +0 leather armour
 i - a +1 ring mail (worn)
 k - a +0 ring mail
 l - a +0 pair of gloves (worn)
 t - a +0 pair of boots (worn)
Jewellery
 r - an amulet of the gourmand (around neck)
Scrolls
 n - 2 scrolls of teleportation
 u - a scroll of remove curse
Potions
 m - 2 potions of lignification
 o - 2 potions of curing
 p - a potion of magic {unknown}
 s - a potion of heal wounds {unknown}
Comestibles
 f - 4 bread rations
 g - a meat ration
 j - 3 royal jellies


   Skills:
 + Level 5.1 Fighting
 + Level 6.6 Slings
 - Level 4.1 Dodging
 - Level 5.2 Stealth


You had 7 spell levels left.
You didn't know any spells.

Dungeon Overview and Level Annotations

Branches:
Dungeon (4/15)
 Temple: D:4-7

Altars:
Fedhas
Kikubaaqudgha
Xom

Annotations:
D:2 1 runed door
D:3 Slurmp's ghost, weakling DsVM
D:4 Dowan


Innate Abilities, Weirdness & Mutations

You cannot be hasted, slowed, berserked, paralysed or teleported.
You can dig through walls and to a lower floor.
Your four strong arms can wield two-handed weapons with a shield.
You have a pair of large antennae on your head. (SInv)


Message History

You see here a stone.
h - a stone Dowan casts a spell at you.
The shard of ice hits you!
Wield which item (- for none, * to show all)? (? for menu, Esc to quit)
a - a +2 hunting sling (weapon)
Firing (i - inventory):
h - a stone (quivered)
Press: ? - help, Shift-Dir - straight line, f - you
Okay, then.
Dowan casts a spell at you. The stone arrow hits you!
* * * LOW HITPOINT WARNING * * *
You see here 3 stones.
Firing (i - inventory):
h - a stone (quivered)
Press: ? - help, Shift-Dir - straight line, f/p - Dowan
Aim: Dowan, wielding a dagger and wearing a robe (severely wounded, fast)
You shoot a stone. The stone closely misses Dowan.
Dowan casts a spell at you. The shard of ice hits you!
You die...

##### #...####
......#@...# ###..
#...)# .([
###.(##### ###
#...e....#########
#....(............
###...##.((...<<.###
..... #####.###.##
..### #.##...# #.#
#.##.#.#


You could see Dowan.

Vanquished Creatures
  Pikel (D:4)
  Duvessa (D:4)
  A bullfrog skeleton (D:3)
  7 adders
  4 gnolls
  A howler monkey skeleton (D:4)
  An ooze (D:2)
  3 worms (D:2)
  A dart slug (D:3)
  An orc (D:3)
  4 giant cockroaches
  9 hobgoblins
  2 jackals (D:2)
  A quokka (D:2)
  12 bats
  5 frilled lizards
  10 goblins
  12 kobolds
  4 rats
80 creatures vanquished.

Vanquished Creatures (others)
  3 slaves (D:4)
  A scorpion (D:4)
  A hound (D:4)
  A worker ant (D:4)
  An adder (D:4)
  An adder skeleton (D:4)
  A leopard gecko (D:4)
  An orc (D:4)
10 creatures vanquished.

Grand Total: 90 creatures vanquished

Notes
Turn   | Place    | Note
-------+----------+-------------------------------------------
     0 | D:1      | shitimlost the Formicid Hunter began the quest for the Orb.
     0 | D:1      | Reached XP level 1. HP: 16/16 MP: 1/1
   107 | D:1      | Reached XP level 2. HP: 22/22 MP: 2/2
   372 | D:1      | Reached XP level 3. HP: 26/28 MP: 3/3
   791 | D:2      | Found a runed door.
   917 | D:2      | Reached XP level 4. HP: 34/34 MP: 4/4
  1050 | D:2      | Found a faded altar of an unknown god.
  1217 | D:2      | Reached skill level 5 in Slings
  1459 | D:2      | Reached XP level 5. HP: 33/41 MP: 5/5
  1613 | D:2      | Found an ancient bone altar of Kikubaaqudgha.
  1615 | D:2      | Found a blossoming altar of Fedhas.
  1617 | D:2      | Found a shimmering altar of Xom.
  2153 | D:3      | Noticed Slurmp's ghost (weakling DsVM)
  3663 | D:3      | Reached XP level 6. HP: 45/47 MP: 6/6
  4904 | D:4      | Noticed a slave
  4904 | D:4      | Noticed a slave
  4905 | D:4      | Noticed Pikel
  4933 | D:4      | Noticed a slave
  4954 | D:4      | Killed Pikel
  4954 | D:4      | Reached skill level 6 in Slings
  4954 | D:4      | Reached skill level 5 in Stealth
  4954 | D:4      | Reached XP level 7. HP: 22/55 MP: 7/7
  5533 | D:4      | Noticed Duvessa
  5539 | D:4      | Killed Duvessa
  5539 | D:4      | Reached skill level 5 in Fighting
  5539 | D:4      | Reached XP level 8. HP: 62/62 MP: 8/8
  5540 | D:4      | Noticed Dowan
  5556 | D:4      | Killed from afar by Dowan

Vault maps used:
D:1:      saegor_arrival_simple_d
D:2:      grunt_temple_overflow_open, chequers_ecumenical_altar_twisty,
          uniq_crazy_yiuf_cottage
D:4:      nicolae_gozag_seed_capital, uniq_duvessa, uniq_pikel

Skill      XL: |  1  2  3  4  5  6  7 |
---------------+----------------------+-----
Dodging        | 2 3 4 |  4.1
Stealth        | 2 3 5 |  5.2
Slings         | 5 6 |  6.6
Fighting       | 3 4 5 |  5.1

Action                   |  1- 3 |  4- 6 |  7- 9 || total
-------------------------+-------+-------+-------++-------
Melee: Short sword       |       |    58 |     2 ||    60
 Fire: Hunting sling     |   100 |   136 |    13 ||   249
 Abil: Dig               |       |     4 |       ||     4
  Use: Scroll            |       |     7 |       ||     7
       Potion            |       |     1 |       ||     1
 Stab: Sleeping          |       |     3 |       ||     3
  Eat: Chunk             |       |    25 |       ||    25
Armor: Leather armour    |     3 |       |       ||     3
       Ring mail         |    11 |    56 |     2 ||    69
Dodge: Dodged            |    16 |    78 |     5 ||    99
